 Dungeon Crawl Stone Soup version 0.18-a0-1485-g189885c (webtiles) character file.

77 uiiiytp the Shooter (level 4, 16/28 HPs)
             Began as a High Elf Arcane Marksman on Mar 3, 2016.
             Starved to death
             ... on level 3 of the Dungeon.
             The game lasted 00:11:55 (2140 turns).

uiiiytp the Shooter (High Elf Arcane Marksman)      Turns: 2140, Time: 00:11:55

Health: 16/28      AC:  2    Str: 10    XL:     4   Next: 13%
Magic:  8/8        EV: 13    Int: 16    God:
Gold:   120        SH:  0    Dex: 16    Spells: 1 memorised, 6 levels left

rFire  . . .     SeeInvis .     a - +0 shortbow
rCold  . . .     Gourm    .     b - +0 robe
rNeg   . . .     Faith    .     (shield currently unavailable)
rPois  .         Spirit   .     (no helmet)
rElec  .         Dismiss  .     (no cloak)
rCorr  .         Reflect  .     (no gloves)
SustAt .         Harm     .     (no boots)
MR     .....                    (no amulet)
Stlth  ++........               (no ring)
                                (no ring)

@: fainting, not resistant to hostile enchantments, unstealthy
A: no striking features
a: no special abilities


You were on level 3 of the Dungeon.
You were fainting.

You visited 1 branch of the dungeon, and saw 3 of its levels.

You collected 120 gold pieces.

Inventory:

Hand Weapons
 a - a +0 shortbow (weapon)
Missiles
 d - 3 arrows (quivered)
Armour
 b - a +0 robe (worn)
Scrolls
 k - a scroll of blinking {unknown}
 l - 2 scrolls of identify {unknown}
 q - a scroll of immolation {unknown}
Potions
 e - 3 potions of curing
 i - 2 potions of cure mutation
 j - a potion of heal wounds
 m - a potion of lignification {unknown}
 o - a potion of might {unknown}
 p - a potion of degeneration {unknown}
Books
 c - a book of Debilitation

   Spells                             Type                      Level
   a - Corona                         Hexes                        1
   b - Slow                           Hexes                        2
   c - Gell's Gravitas                Hexes/Translocation          3
   d - Inner Flame                    Hexes/Fire                   3
   e - Cause Fear                     Hexes                        4
   f - Leda's Liquefaction            Hexes/Earth                  4
 n - a book of Envenomations

   Spells                             Type                      Level
   a - Spider Form                    Transmutation/Poison         3
   b - Olgreb's Toxic Radiance        Poison                       4
   c - Alistair's Intoxication        Transmutation/Poison         5
   d - Poisonous Cloud                Conjuration/Poison/Air       6
Comestibles
 f - 5 bread rations
 g - 2 beef jerkies
 h - a meat ration


   Skills:
 + Level 1.2 Fighting
 + Level 4.0 Bows
 + Level 2.7 Dodging
 + Level 0.2 Stealth
 + Level 2.1 Spellcasting
 + Level 3.6 Hexes


You had 6 spell levels left.
You knew the following spells:

 Your Spells              Type           Power        Failure   Level  Hunger
a - Corona                Hex            ##.....      6%          1    #......


Dungeon Overview and Level Annotations

Branches:
Dungeon (3/15)

Altars:
Vehumet
The Shining One


Message History

The hungry ghost hits you.
You feel slightly more hungry.
Firing (i - inventory):
d - 6 arrows (quivered)
Press: ? - help, Shift-Dir - straight line, f/p - hungry ghost
Aim: a hungry ghost (severely damaged)
You shoot an arrow.
The arrow closely misses the hungry ghost.
The hungry ghost closely misses you.
Firing (i - inventory):
d - 5 arrows (quivered)
Press: ? - help, Shift-Dir - straight line, f/p - hungry ghost
Aim: a hungry ghost (severely damaged)
You shoot an arrow.
The arrow closely misses the hungry ghost.
The hungry ghost hits you.
Firing (i - inventory):
d - 4 arrows (quivered)
Press: ? - help, Shift-Dir - straight line, f/p - hungry ghost
Aim: a hungry ghost (severely damaged)
You shoot an arrow. The arrow hits the hungry ghost!
The hungry ghost is almost destroyed.
You have starved to death.
You die...

....#.......>.....
....................
....................
.........#........#
#.####............#
###.####.....#.....##
...........#..##.....
###.................
#(W@.#.####..###....
..(.(.#.#..#
##.###.### .####
#.).## #.##..# #
#........# #....)#
#........# #.....#
###..(...# ##....#
#......# #....#
#.(!...# #....#
#......# #....#


You could see a hungry ghost.

Vanquished Creatures
  2 adders
  A worm (D:3)
  2 dart slugs
  4 giant cockroaches
  7 goblins
  6 hobgoblins
  5 jackals
  7 kobolds
  A ball python (D:3)
  4 bats
  4 giant newts
  7 rats
50 creatures vanquished.

Vanquished Creatures (others)
  A bat (D:2)
1 creature vanquished.

Grand Total: 51 creatures vanquished

Notes
Turn   | Place    | Note
--------------------------------------------------------------
     0 | D:1      | uiiiytp the High Elf Arcane Marksman began the quest for the Orb.
     0 | D:1      | Reached XP level 1. HP: 13/13 MP: 3/3
   132 | D:1      | Reached XP level 2. HP: 18/18 MP: 0/4
   138 | D:1      | Reached skill level 3 in Bows
   894 | D:2      | Found a radiant altar of Vehumet.
   953 | D:2      | Reached XP level 3. HP: 23/23 MP: 4/6
  1210 | D:2      | Found a glowing golden altar of the Shining One.
  1992 | D:3      | Reached skill level 4 in Bows
  1992 | D:3      | Reached XP level 4. HP: 28/28 MP: 5/8
  2104 | D:3      | Noticed a hungry ghost
  2140 | D:3      | Starved to death

Vault maps used:
D:1:      evilmike_arrival_rings
D:2:      nicolae_tso_swordbearing_angel, fiery_altar_vehumet
D:3:      first_bread, amalloy_card_club

Skill      XL: |  1  2  3 |
---------------+----------+-----
Bows           | 3 4 |  4.0
Spellcasting   | 2 |  2.1
Fighting       | |  1.2
Dodging        | |  2.7
Stealth        | |  0.2
Hexes          | |  3.6

Action                   |  1- 3 |  4- 6 || total
-------------------------+-------+-------++-------
 Fire: Shortbow          |   129 |    39 ||   168
 Cast: Corona            |    37 |     6 ||    43
  Use: Potion            |       |     3 ||     3
  Eat: Meat ration       |     1 |       ||     1
